 Dungeon Crawl Stone Soup version 0.23.2-1-ga50397a6bc (webtiles) character file.

Game seed: 14496389949415796375

1139 Mrkan the Grappler (level 8, 0/74 HPs)
             Began as a Troll Berserker on May 24, 2019.
             Was a Priest of Trog.
             Succumbed to a killer bee's poison
             ... on level 5 of the Dungeon.
             The game lasted 00:08:05 (3440 turns).

Mrkan the Grappler (Troll Berserker)                Turns: 3440, Time: 00:08:06

Health: 0/74       AC:  9    Str: 26    XL:     8   Next: 14%
Magic:  7/7        EV:  7    Int:  3    God:    Trog [***...]
Gold:   419        SH:  9    Dex: 11    Spells: 7/7 levels left

rFire    + . .     SeeInvis .     - Unarmed
rCold    . . .     Gourm    +   w - +2 shield {rF+}
rNeg     . . .     Faith    .   a - +0 animal skin
rPois    .         Spirit   .   (helmet restricted)
rElec    .         Reflect  .   y - +2 cloak {+Inv}
rCorr    .         Harm     .   (gloves unavailable)
MR       .....                  (boots unavailable)
Stlth    +.........             (no amulet)
HPRegen  0.62/turn              (no ring)
MPRegen  0.10/turn              (no ring)

@: lethally poisoned (0 -> -32), berserk cooldown, slowed, very slow
A: large, unfitting armour, claws 3, fast metabolism 3, gourmand, regeneration
1, shaggy fur 1, tough skin 3
a: Berserk, Trog's Hand, Renounce Religion, Evoke Invisibility


You were on level 5 of the Dungeon.
You worshipped Trog.
Trog was most pleased with you.
You were very full.

You visited 1 branch of the dungeon, and saw 6 of its levels.

You collected 419 gold pieces.

Inventory:

Missiles
 o - 117 stones (quivered)
Armour
 a - a +0 animal skin (worn)
 w - a +2 shield of fire resistance (worn)
 y - a +2 cloak of invisibility (worn)
Jewellery
 n - an uncursed amulet of regeneration {unknown}
 s - an uncursed ring of see invisible {unknown}
Scrolls
 d - 3 scrolls of noise {unknown}
 e - 9 scrolls of identify {unknown}
 h - 2 scrolls of random uselessness {unknown}
 i - 5 scrolls of teleportation {unknown}
 j - 2 scrolls of immolation {unknown}
 p - 3 scrolls of magic mapping {unknown}
 q - a scroll of fog {unknown}
 t - 2 scrolls of remove curse {unknown}
 v - a scroll of enchant weapon {unknown}
 A - a scroll of blinking {unknown}
Potions
 c - a potion of might {unknown}
 f - a potion of cancellation {unknown}
 g - 2 potions of agility {unknown}
 k - 3 potions of degeneration {unknown}
 l - a potion of experience {unknown}
 m - a potion of heal wounds {unknown}
 r - 2 potions of curing {unknown}
 u - a potion of haste {unknown}
 z - a potion of mutation {unknown}
 B - a potion of ambrosia {unknown}
Comestibles
 b - 9 rations


   Skills:
 - Level 2.4 Fighting
 - Level 2.4 Dodging
 * Level 10.1 Unarmed Combat


You had 7 spell levels left.
You didn't know any spells.
Your spell library was empty.

Dungeon Overview and Level Annotations

Branches:
Dungeon (6/15)
 Temple: D:4-7

Altars:
Dithmenos
Elyvilon
Hepliaklqana
Kikubaaqudgha
Trog
Vehumet
Xom
The Shining One


Innate Abilities, Weirdness & Mutations

You are too large for most types of armour.
You have claws for hands.
Your metabolism is lightning-fast.
You like to eat raw meat.
Your natural rate of healing is unusually fast.
You are covered in fur. (AC +1)
You have extremely tough skin. (AC +3)


Message History

You block the killer bee's attack.
The killer bee stings you but does no damage. x3
* * * LOW HITPOINT WARNING * * *
You feel sick. The killer bee stings you.
* * * LOW HITPOINT WARNING * * *
You are more poisoned.
The killer bee poisons you! The killer bee stings you.
* * * LOW HITPOINT WARNING * * *
You block the killer bee's attack.
There is a stone staircase leading up, spattered with blood here.
You feel a strong urge to attack something.
You are no longer berserk.
You are exhausted.
You feel yourself slow down.
* * * LOW HITPOINT WARNING * * *
You feel sick. You block the killer bee's attack.
The killer bee barely misses you.
The killer bee stings you but does no damage. x2
You climb upwards.
You die...

###.###################
#...# #............#
###.######.##########+#
#............).......
########........<....
#................
#....#########...
#######y...#########.##
#....y@y...............
##....y.###...##########
#.......# ###.# #.....
#...###'### #.# #.####
#...##....###.#####.#...
#...##..................
#...##....###########.#.
#...##....# #.<.
######....# #...


You could see 4 killer bees.

Vanquished Creatures
  An orc warrior (D:5)
  A sky beast (D:5)
  An ogre (D:5)
  A centaur (D:5)
  2 scorpions
  A killer bee (D:6)
  A crimson imp (D:4)
  3 jellies (D:5)
  Crazy Yiuf (D:4)
  3 hounds
  An orc priest (D:5)
  2 centaur skeletons
  An orc wizard (D:5)
  2 iguanas
  3 worker ants
  A hound zombie (D:5)
  A howler monkey zombie (D:6)
  2 adders (D:3)
  3 shadow imps (D:5)
  2 adder skeletons (D:4)
  5 worms
  A dart slug (D:2)
  2 leopard geckos (D:5)
  11 orcs
  8 bats
  2 giant cockroaches
  5 goblins
  6 hobgoblins
  8 jackals
  4 quokkas
  8 frilled lizards
  6 kobolds
  2 leopard gecko zombies (D:5)
  11 rats
  A fungus (D:4)
113 creatures vanquished.

Notes
Turn   | Place    | Note
-------+----------+-------------------------------------------
     0 | D:1      | Mrkan the Troll Berserker began the quest for the Orb.
     0 | D:1      | Reached XP level 1. HP: 22/22 MP: 0/0
   102 | D:1      | Reached XP level 2. HP: 28/29 MP: 1/1
   312 | D:1      | Reached skill level 4 in Unarmed Combat
   490 | D:1      | Found a shimmering altar of Xom.
   493 | D:1      | Reached ** piety under Trog
   790 | D:2      | Reached XP level 3. HP: 36/36 MP: 2/2
  1216 | D:3      | Found a white marble altar of Elyvilon.
  1222 | D:3      | Found a radiant altar of Vehumet.
  1293 | D:3      | Reached XP level 4. HP: 44/44 MP: 3/3
  1438 | D:3      | Reached skill level 5 in Unarmed Combat
  1830 | D:4      | Reached XP level 5. HP: 37/50 MP: 4/4
  1843 | D:4      | Reached *** piety under Trog
  1850 | D:4      | Reached skill level 6 in Unarmed Combat
  2149 | D:4      | Reached XP level 6. HP: 53/59 MP: 5/5
  2297 | D:4      | Reached skill level 7 in Unarmed Combat
  2308 | D:4      | Found a hazy altar of Hepliaklqana.
  2398 | D:4      | Found a runed translucent door.
  2399 | D:4      | Noticed Crazy Yiuf
  2406 | D:4      | Killed Crazy Yiuf
  2482 | D:5      | Entered Level 5 of the Dungeon
  2494 | D:5      | Found a bloodstained altar of Trog.
  2567 | D:5      | Noticed a sky beast
  2579 | D:5      | Killed a sky beast
  2609 | D:5      | Noticed an orc warrior
  2612 | D:5      | Reached skill level 8 in Unarmed Combat
  2612 | D:5      | Reached XP level 7. HP: 56/66 MP: 6/6
  2879 | D:5      | Found a glowing golden altar of the Shining One.
  2887 | D:5      | Reached skill level 9 in Unarmed Combat
  2934 | D:5      | Found a shadowy altar of Dithmenos.
  3012 | D:5      | Reached XP level 8. HP: 59/74 MP: 7/7
  3397 | D:6      | Reached skill level 10 in Unarmed Combat
  3404 | D:6      | Found an ancient bone altar of Kikubaaqudgha.
  3440 | D:5      | Succumbed to a killer bee's poison

Skill      XL: |  1  2  3  4  5  6  7  8 |
---------------+-------------------------+-----
Unarmed Combat | 4 5 6 8 9 10 | 10.1
Fighting       | |  2.4
Dodging        | |  2.4

Action                   |  1- 3 |  4- 6 |  7- 9 || total
-------------------------+-------+-------+-------++-------
Melee: Unarmed           |   129 |   122 |    97 ||   348
       Punch             |     3 |     2 |       ||     5
Invok: Berserk           |       |     3 |     2 ||     5
 Stab: Distracted        |     1 |       |       ||     1
       Sleeping          |       |     1 |       ||     1
  Eat: Chunk             |    17 |    16 |     7 ||    40
Armor: Animal skin       |    58 |    27 |    73 ||   158
Dodge: Dodged            |    73 |    54 |    38 ||   165
Block: Shield            |       |     5 |    62 ||    67
